 Dungeon Crawl Stone Soup version 0.22.0-49-gab54619674 (webtiles) character file.

88 JedernureinKreuz the Sneak (level 4, 0/30 HPs)
             Began as a Vampire Wizard on Sept 7, 2018.
             Slain by a bat (1 damage)
             ... on level 2 of the Dungeon.
             The game lasted 00:10:23 (1992 turns).

JedernureinKreuz the Sneak (Vampire Wizard)         Turns: 1992, Time: 00:10:24

Health: 0/30       AC:  2    Str:  6    XL:     4   Next: 29%
Magic:  8/18       EV: 14    Int: 21    God:
Gold:   103        SH:  0    Dex: 12    Spells: 4/10 levels left

rFire    . . .     SeeInvis +   c - +0 short sword
rCold    + + .     Gourm    .   (no shield)
rNeg     + + +     Faith    .   a - +0 robe
rPois    ∞         Spirit   .   b - +0 hat
rElec    .         Reflect  .   (no cloak)
rCorr    .         Harm     .   (no gloves)
MR       .....                  (no boots)
Stlth    ++++......             (no amulet)
HPRegen  0.00/turn              j - ring of magical power
MPRegen  0.16/turn              n - +1 ring of evasion

@: very slightly contaminated, bloodless, non-regenerating
A: fangs 3, see invisible, unbreathing
a: Bat Form


You were on level 2 of the Dungeon.
You were bloodless.

You visited 1 branch of the dungeon, and saw 2 of its levels.

You collected 103 gold pieces.

Inventory:

Hand Weapons
 c - a +0 short sword (weapon)
 k - a +0 club
Missiles
 h - 11 poisoned needles
Armour
 a - a +0 robe (worn)
 b - a +0 hat (worn)
Jewellery
 j - a ring of magical power (left hand)
 n - a +1 ring of evasion (right hand)
Scrolls
 f - 3 scrolls of teleportation {unknown}
 i - a scroll of immolation {unknown}
 m - a scroll of remove curse {unknown}
 p - a scroll of amnesia {unknown}
Potions
 d - 17 potions of blood
 e - a potion of mutation {unknown}
 g - 2 potions of heal wounds {unknown}
 l - a potion of curing {unknown}
 o - a potion of might {unknown}


   Skills:
 + Level 1.5 Short Blades
 + Level 3.0 Dodging
 + Level 4.0 Stealth
 + Level 3.6 Spellcasting
 + Level 1.3 Conjurations
   Level 1.0 Summonings
 - Level 0.7 Translocations


You had 4 spell levels left.
You knew the following spells:

 Your Spells              Type           Power        Failure   Level  Hunger
a - Magic Dart            Conj           #...         8%          1    None
b - Blink                 Tloc           N/A          14%         2    ##.....
c - Mephitic Cloud        Conj/Pois/Air  #.......     30%         3    ###....

Your spell library contained the following spells:

 Spells                   Type           Power        Failure   Level  Hunger
 Call Imp                 Summ           #.......     13%         2    ##.....
 Slow                     Hex            #.......     19%         2    ##.....
 Conjure Flame            Conj/Fire      #.......     28%         3    ###....


Dungeon Overview and Level Annotations

Branches:
Dungeon (2/15)

Altars:


Innate Abilities, Weirdness & Mutations

You do not heal naturally.
You are immune to poison.
You have razor-sharp teeth.
You have supernaturally acute eyesight. (SInv)
You can survive without breathing.


Message History

The kobold is moderately wounded.
The kobold misses you.
Casting: Magic Dart (safe; 8% risk of failure)
Confirm with . or Enter, or press ? or * to list all spells.
You blink.
The bat closely misses you.
Found a short copper wand.
Casting: Blink (safe; 14% risk of failure)
Confirm with . or Enter, or press ? or * to list all spells.
Aiming: Mephitic Cloud (safe; 30% risk of failure)
Press: ? - help, Shift-Dir - straight line, p - kobold You miscast Mephitic Cloud.
You are very lightly contaminated with residual magic.
Wisps of smoke drift from your hands. The bat hits you.
* * * LOW HITPOINT WARNING * * *
The hobgoblin misses you. The kobold hits you with a short sword.
* * * LOW HITPOINT WARNING * * *
The bat closely misses you. The hobgoblin misses you.
The bat barely misses you. The bat hits you.
You die...

..≈......#.#
#...#
.........#.#
#...###
.........#(#
####...
./≈..≈...'.#
#...
.........###
#...
.......).#
#...
..≈....Kg#
#...
.........#
#...
......b@.#
#...
.........#
#...
##########
####


You could see a hobgoblin, a bat and a kobold.

Vanquished Creatures
  3 adders (D:2)
  3 worms (D:2)
  2 dart slugs (D:1)
  A leopard gecko (D:1)
  4 bats
  A giant cockroach (D:1)
  6 hobgoblins
  4 jackals
  3 frilled lizards
  10 goblins
  6 kobolds
  6 rats
49 creatures vanquished.

Vanquished Creatures (others)
  4 toadstools (D:1)
4 creatures vanquished.

Grand Total: 53 creatures vanquished

Notes
Turn   | Place    | Note
-------+----------+-------------------------------------------
     0 | D:1      | JedernureinKreuz the Vampire Wizard began the quest for the
                  | Orb.
     0 | D:1      | Reached XP level 1. HP: 13/13 MP: 4/4
   157 | D:1      | Reached XP level 2. HP: 19/19 MP: 0/6
   556 | D:1      | Reached skill level 1 in Conjurations
   557 | D:1      | Reached XP level 3. HP: 24/24 MP: 0/7
  1092 | D:2      | Learned a level 2 spell: Blink
  1096 | D:2      | Learned a level 3 spell: Mephitic Cloud
  1120 | D:2      | Reached skill level 1 in Short Blades
  1811 | D:2      | Reached XP level 4. HP: 21/30 MP: 7/9
  1923 | D:2      | Reached skill level 4 in Stealth
  1989 | D:2      | HP: 1/30 [kobold/short sword (4)]
  1992 | D:2      | Slain by a bat

Skill      XL: |  1  2  3  4 |
---------------+-------------+-----
Conjurations   | 1 |  1.3
Short Blades   | 1 |  1.5
Dodging        | 3 |  3.0
Stealth        | 4 |  4.0
Spellcasting   | |  3.6
Summonings     | |  1.0
Translocations | |  0.7

Action                   |  1- 3 |  4- 6 || total
-------------------------+-------+-------++-------
Melee: Unarmed           |     2 |       ||     2
       Short sword       |    56 |     4 ||    60
       Bite              |     2 |       ||     2
 Cast: Magic Dart        |   101 |    22 ||   123
       Blink             |       |     1 ||     1
 Stab: Sleeping          |     1 |       ||     1
Armor: Robe              |    15 |     4 ||    19
Dodge: Dodged            |    59 |    11 ||    70
